[Event "Gaprindashvili Cup Open II Stage 2020"]
[Site "Online"]
[Date "2020.11.08"]
[Round "5.18"]
[White "Kupatadze, Tornike"]
[Black "Gogolashvili, Giorgi"]
[Result "0-1"]
[ECO "A42"]
[WhiteElo "1657"]
[BlackElo "1448"]
[Annotator "NA RC"]
[PlyCount "56"]
[EventDate "2020.11.04"]
[EventType "swiss"]
[SourceTitle "playchess.com"]
[Source "ChessBase"]
[SourceQuality "1"]
[TimeControl "1500+5"]

1. e4 g6 2. d4 Bg7 3. c4 d6 4. Nc3 Nc6 5. Be3 e5 6. d5 Nce7 7. Qd2 f5 8. f3 Nf6 9. Bd3 O-O 10. O-O-O c5 11. h4 f4 12. Bf2 Bd7 13. Nh3 a6 14. g4 fxg3 15. Be3 b5 16. Rdg1 Nh5 17. Ne2 bxc4 18. Bxc4 Bxh3 19. Rxh3 Qd7 20. Rhh1 Rxf3 21. Nc3 Nf4 22. Be2 Nxe2+ 23. Nxe2 Qg4 24. Bg5 g2 25. Rh2 Rf1+ 26. Kc2 Qxe4+ 27. Kc3 Nxd5+ 28. Kb3 Rf3+ 0-1

[Event "Gaprindashvili Cup Open II Stage 2020"]
[Site "Online"]
[Date "2020.11.08"]
[Round "6.10"]
[White "kiladze, Luka"]
[Black "Adamia, Jaba"]
[Result "0-1"]
[ECO "E12"]
[WhiteElo "1786"]
[BlackElo "1899"]
[Annotator "NA RC"]
[PlyCount "48"]
[EventDate "2020.11.04"]
[EventType "swiss"]
[SourceTitle "playchess.com"]
[Source "ChessBase"]
[SourceQuality "1"]
[TimeControl "1500+5"]

1. d4 Nf6 2. c4 e6 3. Nf3 b6 4. a3 Bb7 5. Nc3 Be7 6. d5 d6 7. e4 O-O 8. Bd3 exd5 9. cxd5 c6 10. dxc6 Nxc6 11. O-O Ne5 12. Bc2 Rc8 13. Bf4 Nc4 14. Qb1 Nh5 15. Bc1 Ne5 16. Nxe5 dxe5 17. Rd1 Qc7 18. Bb3 Nf6 19. f3 Rfd8 20. Bg5 Qc5+ 21. Kh1 Bxe4 22. Nxe4 Nxe4 23. Qxe4 Bxg5 24. Rd7 Rxd7 0-1

[Event "Gaprindashvili Cup Open II Stage 2020"]
[Site "Online"]
[Date "2020.11.08"]
[Round "6.14"]
[White "Qalichava, Akaki"]
[Black "Safarov, Deniel"]
[Result "1/2-1/2"]
[ECO "B66"]
[WhiteElo "1877"]
[BlackElo "1720"]
[Annotator "NA RC"]
[PlyCount "42"]
[EventDate "2020.11.04"]
[EventType "swiss"]
[SourceTitle "playchess.com"]
[Source "ChessBase"]
[SourceQuality "1"]
[TimeControl "1500+5"]

1. e4 c5 2. Nf3 d6 3. d4 cxd4 4. Nxd4 Nf6 5. Nc3 Nc6 6. Bg5 e6 7. Qd2 a6 8. f3 h6 9. Be3 Bd7 10. O-O-O Qc7 11. Kb1 Ne5 12. g4 b5 13. Bd3 b4 14. Nce2 d5 15. exd5 Nxd5 16. Bf2 Rb8 17. Ka1 Bd6 18. Be4 Nc4 19. Qd3 Ne5 20. Qd2 Nc4 21. Qd3 Ne5 1/2-1/2

[Event "Gaprindashvili Cup Open II Stage 2020"]
[Site "Online"]
[Date "2020.11.08"]
[Round "6.16"]
[White "Kachkachishvili, Lasha"]
[Black "Chanturia, Lasha"]
[Result "1-0"]
[ECO "A05"]
[WhiteElo "1681"]
[BlackElo "1761"]
[Annotator "NA RC"]
[PlyCount "125"]
[EventDate "2020.11.04"]
[EventType "swiss"]
[SourceTitle "playchess.com"]
[Source "ChessBase"]
[SourceQuality "1"]
[TimeControl "1500+5"]

1. Nf3 c5 2. b3 e6 3. Bb2 Nf6 4. e3 Qc7 5. Be2 b6 6. d4 Bb7 7. dxc5 Bxc5 8. h3 a6 9. O-O Nc6 10. c4 h5 11. Nc3 Ng4 12. Ne4 f5 13. Nxc5 bxc5 14. g3 h4 15. Nxh4 Rxh4 16. hxg4 Rh7 17. Bf3 fxg4 18. Bg2 O-O-O 19. Qxg4 Rdh8 20. Be4 Rh1+ 21. Kg2 R1h2+ 22. Kf3 Rf8+ 23. Ke2 Ne5 24. Bxb7+ Kxb7 25. Qxg7 Rf5 26. Bxe5 Rxe5 27. Rad1 d5 28. Qxc7+ Kxc7 29. Rh1 Rxh1 30. Rxh1 d4 31. Rh4 dxe3 32. fxe3 Rf5 33. g4 Rg5 34. Kf3 Kd6 35. Kf4 Rg8 36. g5 Rf8+ 37. Ke4 Rg8 38. Rg4 Rg6 39. Rg1 a5 40. a3 Rg7 41. Rd1+ Ke7 42. Kf4 Rf7+ 43. Kg4 Rf2 44. Rh1 Rg2+ 45. Kf4 Rb2 46. Rh7+ Kf8 47. Ra7 Rxb3 48. Rxa5 Rc3 49. Rxc5 Rxa3 50. e4 Ke7 51. Ke5 Rg3 52. Rc7+ Kd8 53. Rg7 Rc3 54. Kxe6 Rxc4 55. e5 Rc6+ 56. Kf5 Ke8 57. g6 Kf8 58. Ra7 Rb6 59. e6 Rb1 60. Rf7+ Kg8 61. e7 Rb8 62. Kg5 Kh8 63. Kh6 1-0

[Event "Gaprindashvili Cup Open II Stage 2020"]
[Site "Online"]
[Date "2020.11.08"]
[Round "6.18"]
[White "Tsanatsqenishvili, Alexandre"]
[Black "Kupatadze, Tornike"]
[Result "1/2-1/2"]
[ECO "B06"]
[WhiteElo "1702"]
[BlackElo "1657"]
[Annotator "NA RC"]
[PlyCount "91"]
[EventDate "2020.11.04"]
[EventType "swiss"]
[SourceTitle "playchess.com"]
[Source "ChessBase"]
[SourceQuality "1"]
[TimeControl "1500+5"]

1. e4 g6 2. d4 Bg7 3. Nc3 d6 4. g3 Nc6 5. Nge2 Bg4 6. Qd3 e5 7. d5 Nce7 8. f3 Bd7 9. Bg2 f5 10. O-O Nf6 11. Be3 O-O 12. Qd2 Nh5 13. exf5 Nxf5 14. Bg5 Nf6 15. f4 h6 16. Bxf6 Bxf6 17. Ne4 Bg7 18. fxe5 Bxe5 19. c3 Kh7 20. Nf4 Qe7 21. Rae1 Rae8 22. Rf2 Qg7 23. Rfe2 Bb5 24. Rf2 Bd7 25. Nd3 c6 26. dxc6 Bxc6 27. Rfe2 Qc7 28. Nb4 Rd8 29. Nd5 Bxd5 30. Qxd5 Qb6+ 31. Kh1 Rde8 32. Nf2 Nxg3+ 33. hxg3 Rxf2 34. Rxf2 Qxf2 35. Rf1 Qe2 36. Qxb7+ Bg7 37. Rf7 Qd1+ 38. Kh2 Qh5+ 39. Kg1 Qc5+ 40. Kh2 Qh5+ 41. Kg1 Re1+ 42. Rf1 Qc5+ 43. Kh2 Qh5+ 44. Kg1 Qc5+ 45. Kh2 Qh5+ 46. Kg1 1/2-1/2

[Event "Gaprindashvili Cup Open II Stage 2020"]
[Site "Online"]
[Date "2020.11.08"]
[Round "7.6"]
[White "Adamia, Jaba"]
[Black "Nemsadze, Daviti"]
[Result "0-1"]
[ECO "E04"]
[WhiteElo "1899"]
[BlackElo "1690"]
[Annotator "NA RC"]
[PlyCount "123"]
[EventDate "2020.11.04"]
[EventType "swiss"]
[SourceTitle "playchess.com"]
[Source "ChessBase"]
[SourceQuality "1"]
[TimeControl "1500+5"]

1. d4 Nf6 2. g3 e6 3. c4 d5 4. Nf3 dxc4 5. Bg2 c6 6. O-O Nbd7 7. a4 a5 8. Na3 Bxa3 9. Rxa3 O-O 10. Bg5 h6 11. Bf4 b5 12. Bd6 Re8 13. Ne5 Nxe5 14. dxe5 Nd5 15. axb5 cxb5 16. Bxd5 exd5 17. Qxd5 Bh3 18. Rfa1 Qb6 19. Bc5 Qg6 20. Bd6 Qc2 21. Qd1 Qxd1+ 22. Rxd1 b4 23. Raa1 Rec8 24. f3 Be6 25. Kf2 Kh7 26. Rdc1 g6 27. Ke3 c3 28. bxc3 b3 29. Rab1 a4 30. Ba3 g5 31. Rb2 Ra5 32. f4 Rc4 33. Rd2 Rb5 34. Bb2 h5 35. Rd4 a3 36. Bxa3 b2 37. Rb1 Rxc3+ 38. Rd3 Rc2 39. Rd2 Rb3+ 40. Rd3 gxf4+ 41. gxf4 Rxe2+ 42. Kxe2 Bc4 43. Rxb2 Bxd3+ 44. Kf2 Rxa3 45. Rb6 h4 46. Rf6 Kg7 47. Rd6 Ra2+ 48. Kg1 Be4 49. Rd4 Bf5 50. Rd6 h3 51. Rd4 Rg2+ 52. Kh1 Bg4 53. Rd3 Bf5 54. Rg3+ Rxg3 55. hxg3 Be6 56. Kg1 Kh6 57. Kf2 Kh5 58. f5 Bxf5 59. Kf3 Be4+ 60. Kf4 h2 61. g4+ Kh4 62. e6 0-1

[Event "Gaprindashvili Cup Open II Stage 2020"]
[Site "Online"]
[Date "2020.11.08"]
[Round "7.13"]
[White "Tsanatsqenishvili, Giorgi"]
[Black "Qalichava, Akaki"]
[Result "0-1"]
[ECO "B47"]
[WhiteElo "1631"]
[BlackElo "1877"]
[Annotator "NA RC"]
[PlyCount "70"]
[EventDate "2020.11.04"]
[EventType "swiss"]
[SourceTitle "playchess.com"]
[Source "ChessBase"]
[SourceQuality "1"]
[TimeControl "1500+5"]

1. e4 c5 2. Nf3 e6 3. d4 cxd4 4. Nxd4 a6 5. g3 Qc7 6. Bg2 Nc6 7. Nc3 Nf6 8. O-O h5 9. h3 Nxd4 10. Qxd4 Bc5 11. Qd3 O-O 12. Bf4 d6 13. Rad1 Ne8 14. a3 Bd7 15. Qf3 g6 16. Bh6 Bc6 17. Bxf8 Kxf8 18. g4 hxg4 19. hxg4 Qe7 20. Qf4 g5 21. Qg3 Kg7 22. Bf3 Qf6 23. Kg2 Nc7 24. Rd3 e5 25. Rfd1 Ne6 26. Kg1 Nf4 27. R3d2 Rh8 28. Bg2 a5 29. Na2 a4 30. Re1 Rh4 31. Nb4 Qe6 32. Kf1 Rxg4 33. Bh3 Nxh3 34. Qd3 Rg1+ 35. Ke2 Nf4+ 0-1

[Event "Gaprindashvili Cup Open II Stage 2020"]
[Site "Online"]
[Date "2020.11.08"]
[Round "7.14"]
[White "Safarov, Deniel"]
[Black "Kachkachishvili, Lasha"]
[Result "1-0"]
[ECO "B32"]
[WhiteElo "1720"]
[BlackElo "1681"]
[Annotator "NA RC"]
[PlyCount "103"]
[EventDate "2020.11.04"]
[EventType "swiss"]
[SourceTitle "playchess.com"]
[Source "ChessBase"]
[SourceQuality "1"]
[TimeControl "1500+5"]

1. e4 c5 2. Nf3 Nc6 3. d4 cxd4 4. Nxd4 e5 5. Nb5 d6 6. N1c3 a6 7. Na3 Be6 8. Nc4 b5 9. Ne3 Nf6 10. Bd3 g6 11. a4 b4 12. Ncd5 Bg7 13. O-O O-O 14. a5 Bxd5 15. exd5 Nxa5 16. Bd2 Nb7 17. Bxb4 a5 18. Bd2 Nc5 19. Be2 a4 20. Bb4 Qb6 21. Ba3 Nfd7 22. Nc4 Qb8 23. Rb1 f5 24. b4 Ne4 25. Qe1 Nb6 26. Na5 Qc7 27. c4 Nd7 28. Nc6 Bh6 29. Rb2 Nb8 30. b5 Nd7 31. Bf3 Nec5 32. b6 Qb7 33. Rb5 e4 34. Be2 Bg7 35. Qb1 f4 36. Bg4 Ne5 37. Bxc5 dxc5 38. Be6+ Kh8 39. Qxe4 Nd7 40. Bxd7 Qxd7 41. b7 Rae8 42. Qc2 Qc7 43. Qxa4 f3 44. b8=Q Rxb8 45. Rxb8 Rxb8 46. Nxb8 Qxb8 47. gxf3 Be5 48. Re1 Bxh2+ 49. Kg2 Kg7 50. Qd7+ Kf6 51. Re6+ Kg5 52. Qe7+ 1-0

[Event "Gaprindashvili Cup Open II Stage 2020"]
[Site "Online"]
[Date "2020.11.08"]
[Round "7.15"]
[White "Elashvili, Giorgi"]
[Black "Liponava, Zurab"]
[Result "1-0"]
[ECO "B28"]
[WhiteElo "1857"]
[BlackElo "1800"]
[Annotator "NA RC"]
[PlyCount "73"]
[EventDate "2020.11.04"]
[EventType "swiss"]
[SourceTitle "playchess.com"]
[Source "ChessBase"]
[SourceQuality "1"]
[TimeControl "1500+5"]

1. e4 c5 2. Nf3 a6 3. d4 cxd4 4. Nxd4 Nf6 5. Bd3 e5 6. Nf3 d5 7. exd5 e4 8. Qe2 Qxd5 9. Ng5 Bb4+ 10. Nc3 O-O 11. Ngxe4 Bxc3+ 12. bxc3 Nxe4 13. Bxe4 Qc5 14. O-O Nc6 15. Rb1 Na5 16. Be3 Qxc3 17. Bd2 Qc7 18. Bb4 Be6 19. Bxf8 Rxf8 20. a4 g6 21. Qf3 b6 22. Bd5 Bf5 23. Rb2 Re8 24. Rfb1 h5 25. g3 Bg4 26. Qf6 Bf5 27. Qxb6 Qc3 28. Qb4 Qxb4 29. Rxb4 Bxc2 30. Rc1 Bd3 31. h4 Re5 32. Rc5 Nc6 33. Bxf7+ Kxf7 34. Rxc6 Re1+ 35. Kh2 Be4 36. Rb7+ Ke8 37. Rc8# 1-0

[Event "Gaprindashvili Cup Open II Stage 2020"]
[Site "Online"]
[Date "2020.11.08"]
[Round "7.16"]
[White "Gogolashvili, Giorgi"]
[Black "Tsereteli, Tornike"]
[Result "0-1"]
[ECO "B02"]
[WhiteElo "1448"]
[BlackElo "1765"]
[Annotator "NA RC"]
[PlyCount "90"]
[EventDate "2020.11.04"]
[EventType "swiss"]
[SourceTitle "playchess.com"]
[Source "ChessBase"]
[SourceQuality "1"]
[TimeControl "1500+5"]

1. e4 Nf6 2. Nc3 d5 3. exd5 Nxd5 4. Bc4 c6 5. d4 Bf5 6. Nf3 e6 7. O-O Be7 8. Qe2 O-O 9. h3 Bf6 10. Ne5 Nb4 11. Be3 Nxc2 12. Rad1 Nxe3 13. fxe3 Bxe5 14. dxe5 Qc7 15. e4 Bg6 16. Rd6 Nd7 17. Rdd1 Nxe5 18. Bb3 Rad8 19. h4 h5 20. g3 Ng4 21. Qf3 Rxd1 22. Nxd1 Qe5 23. Nc3 Rd8 24. Qf4 Rd3 25. Qxe5 Nxe5 26. Kg2 Rd2+ 27. Rf2 Rxf2+ 28. Kxf2 Kf8 29. Ke3 Ke7 30. Ne2 Ng4+ 31. Kf4 e5+ 32. Kf3 f5 33. exf5 Bxf5 34. Nc3 Nf6 35. Ke3 Kd6 36. Ne2 Nd5+ 37. Bxd5 cxd5 38. b4 d4+ 39. Kd2 Kd5 40. Nc1 Kc4 41. a3 e4 42. b5 e3+ 43. Ke2 Bg4+ 44. Ke1 d3 45. Nxd3 Kxd3 0-1

[Event "Gaprindashvili Cup Open II Stage 2020"]
[Site "Online"]
[Date "2020.11.08"]
[Round "7.18"]
[White "Chanturia, Lasha"]
[Black "Kupatadze, Tornike"]
[Result "0-1"]
[ECO "C01"]
[WhiteElo "1761"]
[BlackElo "1657"]
[Annotator "NA RC"]
[PlyCount "126"]
[EventDate "2020.11.04"]
[EventType "swiss"]
[SourceTitle "playchess.com"]
[Source "ChessBase"]
[SourceQuality "1"]
[TimeControl "1500+5"]

1. e4 e6 2. d4 d5 3. exd5 exd5 4. Nf3 Bd6 5. Be3 Nf6 6. Nc3 Nc6 7. Bd3 Bg4 8. h3 Bh5 9. g4 Bg6 10. Bxg6 hxg6 11. Qe2 Be7 12. O-O-O Qd7 13. Ne5 Qe6 14. Nb5 Bd6 15. Nxc6 bxc6 16. Nxd6+ cxd6 17. Qa6 Qd7 18. f3 O-O 19. h4 Rab8 20. b3 Rb5 21. h5 gxh5 22. gxh5 Qf5 23. Rdf1 Re8 24. Bd2 Nxh5 25. Rhg1 Nf4 26. Rg4 Ng6 27. Qxc6 Rc8 28. Rg5 Rxc6 29. Rxf5 Ne7 30. Rg5 g6 31. Rfg1 Rb8 32. Kb2 Rbc8 33. c3 Kg7 34. R5g2 Nf5 35. Rh1 Rh8 36. Rgh2 Rxh2 37. Rxh2 Rc8 38. Kc2 Nxd4+ 39. Kd3 Nxf3 40. Bh6+ Kg8 41. Rh3 Ne5+ 42. Kd4 f6 43. Kxd5 g5 44. Kxd6 Kf7 45. c4 Kg6 46. c5 Nf7+ 47. Kd7 Rh8 48. c6 Ne5+ 49. Kd6 Nxc6 50. Kxc6 Rxh6 51. Rg3 f5 52. b4 f4 53. Rg1 g4 54. Kb7 Rh7+ 55. Ka6 g3 56. b5 Kf5 57. a4 Kg4 58. Rc1 g2 59. a5 f3 60. Rc4+ Kg3 61. Rc1 f2 62. Rd1 g1=Q 63. Rd3+ Kg2 0-1

[Event "Gaprindashvili Cup Open II Stage 2020"]
[Site "Online"]
[Date "2020.11.08"]
[Round "8.10"]
[White "Qalichava, Akaki"]
[Black "Adamia, Jaba"]
[Result "1-0"]
[ECO "B42"]
[WhiteElo "1877"]
[BlackElo "1899"]
[Annotator "NA"]
[PlyCount "131"]
[EventDate "2020.11.04"]
[EventType "swiss"]
[SourceTitle "playchess.com"]
[Source "ChessBase"]
[SourceQuality "1"]
[TimeControl "1500+5"]

1. e4 c5 2. Nf3 e6 3. d4 cxd4 4. Nxd4 a6 5. Bd3 Nf6 6. O-O Qc7 7. Qe2 d6 8. c4 g6 9. Nc3 Bg7 10. Be3 O-O 11. h3 Nbd7 12. Rac1 b6 13. b3 Bb7 14. Bb1 Nc5 15. f3 Rac8 16. Rfd1 Rfd8 17. Qf2 Ncd7 18. Nde2 Ba8 19. Nf4 Rb8 20. Bd3 Ne5 21. Bf1 Qb7 22. Na4 b5 23. cxb5 axb5 24. Nb6 d5 25. exd5 Nxd5 26. Nfxd5 exd5 27. Nxa8 Rxa8 28. Rc5 d4 29. Rxd4 Nxf3+ 30. gxf3 Bxd4 31. Bxd4 Rd5 32. Rxd5 Qxd5 33. Be3 Re8 34. Qd2 Qxf3 35. Bf2 Qf5 36. a4 bxa4 37. bxa4 Ra8 38. Qd4 h5 39. Bg2 Rc8 40. Kh2 Kh7 41. Bg3 Rc2 42. Qe3 Ra2 43. Qb3 Re2 44. Kh1 Qf6 45. Qf3 Qa1+ 46. Kh2 Qa2 47. a5 Re7 48. Qd5 Qa4 49. Qd6 Re6 50. Qf8 Qd7 51. Qa3 Re2 52. Qf3 Ra2 53. Be1 Qc7+ 54. Qg3 Qxg3+ 55. Kxg3 g5 56. Bb7 Ra3+ 57. Kg2 g4 58. hxg4 hxg4 59. a6 f5 60. Bf2 f4 61. a7 g3 62. Bc5 Ra2+ 63. Kh3 Rh2+ 64. Kg4 Ra2 65. Be4+ Kh6 66. Bf8# 1-0

[Event "Gaprindashvili Cup Open II Stage 2020"]
[Site "Online"]
[Date "2020.11.08"]
[Round "8.11"]
[White "kiladze, Luka"]
[Black "Safarov, Deniel"]
[Result "0-1"]
[ECO "E62"]
[WhiteElo "1786"]
[BlackElo "1720"]
[Annotator "NA RC"]
[PlyCount "72"]
[EventDate "2020.11.04"]
[EventType "swiss"]
[SourceTitle "playchess.com"]
[Source "ChessBase"]
[SourceQuality "1"]
[TimeControl "1500+5"]

1. d4 Nf6 2. Nf3 g6 3. c4 Bg7 4. g3 O-O 5. Bg2 d6 6. O-O Nc6 7. Nc3 e5 8. d5 Nb8 9. e4 a5 10. Ne1 Na6 11. Nd3 Nd7 12. Be3 Nac5 13. Nxc5 Nxc5 14. b3 f5 15. f3 h5 16. Rc1 h4 17. exf5 gxf5 18. Qd2 hxg3 19. hxg3 Qe8 20. Nb5 Qg6 21. Nxc7 f4 22. Bxc5 dxc5 23. Rce1 fxg3 24. Nxa8 Bh6 25. Qb2 Bf4 26. Nc7 Qh6 27. Bh1 Be3+ 28. Rxe3 Qxe3+ 29. Kg2 Rf6 30. Qc2 Bh3+ 31. Kxh3 Rh6+ 32. Kxg3 Qf4+ 33. Kf2 Rh2+ 34. Bg2 Qh4+ 35. Ke3 Qd4+ 36. Ke2 Rxg2+ 0-1

[Event "Gaprindashvili Cup Open II Stage 2020"]
[Site "Online"]
[Date "2020.11.08"]
[Round "8.13"]
[White "Mindiashvili, Tengiz"]
[Black "Elashvili, Giorgi"]
[Result "1/2-1/2"]
[ECO "C12"]
[WhiteElo "1923"]
[BlackElo "1857"]
[Annotator "NA"]
[PlyCount "99"]
[EventDate "2020.11.04"]
[EventType "swiss"]
[SourceTitle "playchess.com"]
[Source "ChessBase"]
[SourceQuality "1"]
[TimeControl "1500+5"]

1. e4 e6 2. d4 d5 3. Nc3 Nf6 4. Bg5 Bb4 5. e5 h6 6. Bd2 Bxc3 7. bxc3 Ne4 8. Qg4 g6 9. Bd3 Nxd2 10. Kxd2 h5 11. Qf4 c5 12. Nf3 Nc6 13. Rab1 Qe7 14. h4 b6 15. Ng5 cxd4 16. cxd4 Bd7 17. c3 Rc8 18. Rh3 Rc7 19. Rf3 Nd8 20. Qf6 Qxf6 21. Rxf6 Ke7 22. f3 Be8 23. Rh1 b5 24. Rb1 Rb7 25. a3 a6 26. Be2 Kf8 27. a4 Kg7 28. axb5 Bxb5 29. Bxb5 Rxb5 30. Rxb5 axb5 31. Kc2 Re8 32. Kb3 Re7 33. g4 Rb7 34. gxh5 gxh5 35. Nh3 Nc6 36. Nf4 b4 37. Nxh5+ Kg8 38. Rf4 Na5+ 39. Kc2 b3+ 40. Kb1 Nc4 41. Rg4+ Kh7 42. Nf6+ Kh6 43. Ng8+ Kh7 44. Nf6+ Kh6 45. Ng8+ Kh7 46. Nf6+ Kh6 47. Ng8+ Kh7 48. Nf6+ Kh6 49. Ng8+ Kh7 50. Nf6+ 1/2-1/2

[Event "Gaprindashvili Cup Open II Stage 2020"]
[Site "Online"]
[Date "2020.11.08"]
[Round "8.15"]
[White "Kachkachishvili, Lasha"]
[Black "Tsanatsqenishvili, Giorgi"]
[Result "1-0"]
[ECO "A01"]
[WhiteElo "1681"]
[BlackElo "1631"]
[Annotator "NA"]
[PlyCount "195"]
[EventDate "2020.11.04"]
[EventType "swiss"]
[SourceTitle "playchess.com"]
[Source "ChessBase"]
[SourceQuality "1"]
[TimeControl "1500+5"]

1. b3 Nf6 2. Bb2 d5 3. e3 a6 4. a4 Bf5 5. Nf3 h6 6. Be2 Nc6 7. O-O e6 8. h3 Bd6 9. d4 O-O 10. Bd3 Ne4 11. Nbd2 Qf6 12. Rb1 e5 13. Bxe4 dxe4 14. Nxe5 Nxe5 15. dxe5 Bxe5 16. Bxe5 Qxe5 17. Nc4 Qf6 18. Qd5 c6 19. Qe5 Qxe5 20. Nxe5 Rfd8 21. Rfd1 Be6 22. a5 Kf8 23. Kf1 Ke7 24. Ke2 h5 25. Rd4 Rd5 26. Nc4 Rxd4 27. exd4 g5 28. Ke3 f5 29. Ne5 Kf6 30. g4 c5 31. c3 hxg4 32. hxg4 Rh8 33. gxf5 Rh3+ 34. Kd2 Kxf5 35. Nc4 Bxc4 36. bxc4 cxd4 37. cxd4 Rd3+ 38. Ke2 Rxd4 39. Rxb7 Rxc4 40. Rb6 Rc2+ 41. Ke3 Rc3+ 42. Ke2 Ra3 43. Rxa6 Kf4 44. Rf6+ Ke5 45. Rg6 Kf5 46. Ra6 g4 47. Ra8 Kf4 48. Rf8+ Ke5 49. Ra8 Kd4 50. Rd8+ Ke5 51. Ra8 Ra2+ 52. Ke3 Ra3+ 53. Ke2 Kd4 54. a6 Ra2+ 55. Kf1 Ra1+ 56. Kg2 Kc5 57. a7 Kb6 58. Re8 Rxa7 59. Rxe4 Rg7 60. Kg3 Kc6 61. Rxg4 Rf7 62. Rd4 Rg7+ 63. Kh4 Kc5 64. Rd8 Rf7 65. Kg3 Rg7+ 66. Kf3 Rf7+ 67. Ke3 Re7+ 68. Kd3 Rf7 69. Ke2 Re7+ 70. Kf1 Rf7 71. Rd2 Kc4 72. Rd1 Rf8 73. Kg2 Rg8+ 74. Kh3 Rf8 75. Rd2 Kc3 76. Ra2 Rg8 77. f4 Kd4 78. Re2 Rh8+ 79. Kg4 Rg8+ 80. Kf5 Rf8+ 81. Kg5 Rg8+ 82. Kh5 Rf8 83. Kg5 Rg8+ 84. Kh4 Rf8 85. Kg3 Rg8+ 86. Kf3 Rf8 87. Re5 Rf7 88. Ra5 Rf8 89. f5 Rh8 90. Kf4 Rf8 91. Ra6 Kd5 92. f6 Rh8 93. Kf5 Rh1 94. f7 Rf1+ 95. Kg6 Rg1+ 96. Kh6 Rf1 97. Kg7 Rg1+ 98. Rg6 1-0

[Event "Gaprindashvili Cup Open II Stage 2020"]
[Site "Online"]
[Date "2020.11.08"]
[Round "8.16"]
[White "Kupatadze, Tornike"]
[Black "Tsereteli, Tornike"]
[Result "0-1"]
[ECO "B02"]
[WhiteElo "1657"]
[BlackElo "1765"]
[Annotator "NA RC"]
[PlyCount "82"]
[EventDate "2020.11.04"]
[EventType "swiss"]
[SourceTitle "playchess.com"]
[Source "ChessBase"]
[SourceQuality "1"]
[TimeControl "1500+5"]

1. e4 Nf6 2. Nc3 d5 3. exd5 Nxd5 4. Bc4 c6 5. Nf3 Bf5 6. Nxd5 cxd5 7. Bb5+ Bd7 8. Bxd7+ Nxd7 9. b3 e6 10. Bb2 Nf6 11. O-O Be7 12. Re1 O-O 13. d3 Rc8 14. c4 Qa5 15. a3 Rfd8 16. b4 Qa6 17. c5 b6 18. d4 Ne4 19. a4 Qc4 20. Ba3 Bf6 21. Re3 bxc5 22. Rc1 Qa2 23. Rc2 Qxc2 24. Qxc2 cxd4 25. Qd1 dxe3 26. fxe3 Rc4 27. Nd2 Nxd2 28. Qxd2 Rdc8 29. Qe2 d4 30. e4 Rc2 31. Qb5 g6 32. e5 Bg5 33. h4 Bxh4 34. Qd7 Bg3 35. Kf1 Bxe5 36. Bb2 R8c4 37. Qb5 Bf6 38. Ke1 Rc8 39. Ba3 R8c3 40. Kd1 Rxg2 41. Qf1 Rxa3 0-1

[Event "Gaprindashvili Cup Open II Stage 2020"]
[Site "Online"]
[Date "2020.11.08"]
[Round "8.17"]
[White "Liponava, Zurab"]
[Black "Gogolashvili, Giorgi"]
[Result "0-1"]
[ECO "C02"]
[WhiteElo "1800"]
[BlackElo "1448"]
[Annotator "NA RC"]
[PlyCount "68"]
[EventDate "2020.11.04"]
[EventType "swiss"]
[SourceTitle "playchess.com"]
[Source "ChessBase"]
[SourceQuality "1"]
[TimeControl "1500+5"]

1. e4 e6 2. d4 d5 3. e5 c5 4. c3 Nc6 5. Nf3 Bd7 6. dxc5 Bxc5 7. Bd3 Nge7 8. O-O Ng6 9. Qe2 Qc7 10. Re1 O-O 11. b4 Bb6 12. g3 Rae8 13. a4 a6 14. b5 axb5 15. axb5 Nce7 16. h4 f6 17. Bxg6 Nxg6 18. Kg2 fxe5 19. h5 e4 20. Nd4 Ne5 21. Bf4 Rxf4 22. gxf4 Nd3 23. Qd2 Nxf4+ 24. Kh1 e5 25. Ne2 Nd3 26. Ng3 Bxf2 27. Rg1 Bxg1 28. Kxg1 Qb6+ 29. Kg2 Rf8 30. Nh1 Qf6 31. Na3 Qf3+ 32. Kg1 Nf4 33. Ra2 e3 34. Qe1 e2 0-1

[Event "Gaprindashvili Cup Open II Stage 2020"]
[Site "Online"]
[Date "2020.11.08"]
[Round "9.12"]
[White "Tsereteli, Tornike"]
[Black "Mindiashvili, Tengiz"]
[Result "0-1"]
[ECO "C54"]
[WhiteElo "1765"]
[BlackElo "1923"]
[Annotator "ChessBase"]
[PlyCount "92"]
[EventDate "2020.11.04"]
[EventType "swiss"]
[SourceTitle "playchess.com"]
[Source "ChessBase"]
[SourceQuality "1"]
[TimeControl "1500+5"]

1. e4 e5 2. Nf3 Nc6 3. Bc4 Bc5 4. c3 Nf6 5. d3 d6 6. h3 Bb6 7. O-O Ne7 8. Re1 Ng6 9. d4 O-O 10. a4 a6 11. a5 Ba7 12. Nbd2 c6 13. Bb3 h6 14. Nf1 Re8 15. dxe5 dxe5 16. Be3 Bxe3 17. Rxe3 Be6 18. Ng3 Qxd1+ 19. Bxd1 Rad8 20. Bc2 Nd7 21. Rd1 Nb8 22. b4 Rxd1+ 23. Bxd1 Rd8 24. Bc2 f6 25. Rd3 Rc8 26. Rd6 Nf4 27. Nh4 Kh7 28. Kf1 c5 29. Ne2 Bc4 30. Bd1 cxb4 31. cxb4 Nc6 32. Nf5 Bxe2+ 33. Bxe2 Nd4 34. Bd1 Rc1 35. Ke1 Nxf5 36. exf5 Rb1 37. g3 Nxh3 38. Kd2 Nxf2 39. Bf3 Rxb4 40. Ke3 Ng4+ 41. Ke2 h5 42. Rb6 Ra4 43. Bxb7 Ra2+ 44. Kd3 Rxa5 45. Ke4 Rb5 46. Rxb5 axb5 0-1

[Event "Gaprindashvili Cup Open II Stage 2020"]
[Site "Online"]
[Date "2020.11.08"]
[Round "9.14"]
[White "Elashvili, Giorgi"]
[Black "Kachkachishvili, Lasha"]
[Result "1/2-1/2"]
[ECO "E05"]
[WhiteElo "1857"]
[BlackElo "1681"]
[Annotator "NA"]
[PlyCount "32"]
[EventDate "2020.11.04"]
[EventType "swiss"]
[SourceTitle "playchess.com"]
[Source "ChessBase"]
[SourceQuality "1"]
[TimeControl "1500+5"]

1. Nf3 Nf6 2. g3 e6 3. Bg2 d5 4. O-O Be7 5. c4 O-O 6. d4 dxc4 7. Qc2 a6 8. Qxc4 b5 9. Qc2 Bb7 10. Bf4 Nc6 11. Nbd2 Rc8 12. a3 Nxd4 13. Nxd4 Bxg2 14. Nxe6 Qd5 15. Nxf8 Bxf1 16. Nxf1 Bxf8 1/2-1/2

[Event "Gaprindashvili Cup Open II Stage 2020"]
[Site "Online"]
[Date "2020.11.08"]
[Round "9.17"]
[White "Liponava, Zurab"]
[Black "Chanturia, Lasha"]
[Result "0-1"]
[ECO "B49"]
[WhiteElo "1800"]
[BlackElo "1761"]
[Annotator "NA"]
[PlyCount "104"]
[EventDate "2020.11.04"]
[EventType "swiss"]
[SourceTitle "playchess.com"]
[Source "ChessBase"]
[SourceQuality "1"]
[TimeControl "1500+5"]

1. e4 c5 2. Nf3 e6 3. d4 cxd4 4. Nxd4 a6 5. Nc3 Qc7 6. Be2 Nf6 7. O-O Nc6 8. Be3 b5 9. Nxc6 dxc6 10. a3 Be7 11. f4 Bb7 12. e5 Nd5 13. Nxd5 cxd5 14. Bd4 Rc8 15. c3 Bc5 16. Bd3 Qb6 17. Kh1 g6 18. Be2 Rc7 19. Qd2 O-O 20. f5 Bxd4 21. cxd4 exf5 22. Rf4 f6 23. exf6 Qxf6 24. g4 Qg5 25. Raf1 Rcf7 26. Qc1 Qe7 27. Bd1 fxg4 28. Rxf7 Rxf7 29. Rxf7 Kxf7 30. Qf4+ Kg7 31. Bxg4 Qe4+ 32. Qxe4 dxe4 33. Kg1 h5 34. Bd7 g5 35. Be8 Kh6 36. Kf2 g4 37. Ke3 Kg5 38. Bd7 h4 39. Be6 g3 40. hxg3 hxg3 41. d5 Kf6 42. Bh3 Bxd5 43. Kf4 a5 44. Bf1 b4 45. Bh3 e3 46. Kxg3 Ke5 47. Bf1 Kd4 48. Kf4 Bc4 49. Bxc4 Kxc4 50. Kxe3 Kb3 51. Kd2 Kxb2 52. axb4 axb4 0-1